 Dungeon Crawl Stone Soup version 0.32-a0-933-ga8fa3634e4 (webtiles) character file.

Game seed: 6988250901388749960

137 SlowGraham the Digger (level 5, -4/57 HPs)
             Began as a Mountain Dwarf Earth Elementalist on Apr 14, 2024.
             Was a Follower of Sif Muna.
             Incinerated by a bombardier beetle (6 damage)
             ... with a burning spray
             ... on level 4 of the Dungeon.
             The game lasted 00:12:32 (2805 turns).

SlowGraham the Digger (MDEE)                        Turns: 2805, Time: 00:12:32

Health: -4/57      AC:  7    Str: 11    XL:     5   Next: 0%
Magic:  12/18      EV:  7    Int: 17    God:    Sif Muna [*.....]
Gold:   181        SH:  0    Dex: 10    Spells: 5/9 levels left

rFire   . . .        f - +0 hand axe
rCold   . . .        (no shield)
rNeg    . . .        v - +0 scale mail
rPois   .            (no helmet)
rElec   .            (no cloak)
rCorr   .            s - +0 pair of gloves
SInv    .            (no boots)
Will    .....        (no amulet) Stlth
                     e - ring of magical power
HPRegen 0.29/turn    (no ring)
MPRegen 0.16/turn

%: no passive effects
@: berserking, on fire, glowing, very quick
A: runic magic, artefact enchanting
a: Renounce Religion, Channel Magic


You were on level 4 of the Dungeon.
You worshipped Sif Muna.
Sif Muna was aware of your devotion.
You visited 1 branch of the dungeon, and saw 4 of its levels.

You collected 181 gold pieces.

Inventory:

Hand Weapons
 f - a +0 hand axe (weapon)
 g - a +0 club
Missiles
 c - 22 stones (quivered)
Armour
 a - a +0 robe
 j - a +0 leather armour
 o - a +0 chain mail
 s - a +0 pair of gloves (worn)
 v - a +0 scale mail (worn)
Jewellery
 e - a ring of magical power (left hand)
 q - the ring "Baawah" {rF+ Will- Int+4}
   (You found it on level 2 of the Dungeon)

   [ring of protection from fire]

   Int+4:     It affects your intelligence (+4).
   rF+:       It protects you from fire.
   Will-:     It decreases your willpower.
Scrolls
 d - 2 scrolls of teleportation {unknown}
 l - 2 scrolls of noise {unknown}
 p - a scroll of revelation {unknown}
 r - 3 scrolls of identify {unknown}
 w - 2 scrolls of silence {unknown}
Potions
 b - a potion of magic
 h - a potion of berserk rage
 i - a potion of degeneration {unknown}
 k - 2 potions of lignification {unknown}
 m - a potion of resistance {unknown}
 n - a potion of might {unknown}
 t - a potion of heal wounds {unknown}
 u - 2 potions of curing {unknown}


   Skills:
 * Level 1.7 Armour
 - Level 1.3 Dodging
 - Level 1.4 Stealth
 + Level 2.9 Spellcasting
 + Level 1.2 Conjurations
 + Level 0.5 Translocations
 + Level 4.5 Earth Magic
 + Level 0.8 Invocations


You had 5 spell levels left.
You knew the following spells:

 Your Spells              Type           Power      Damage    Failure   Level
a - Sandblast             Erth           36%        2d10      4%          1
b - Stone Arrow           Conj/Erth      24%        3d8       26%         3

Your spell library contained the following spells:

 Spells                   Type           Power      Damage    Failure   Level
 Passwall                 Erth           18%        N/A       13%         3
 Apportation              Tloc           8%         N/A       22%         1
 Sting                    Conj/Alch      16%        1d4       22%         1
 Necrotise                Necr           8%         1d4       28%         1
 Summon Small Mammal      Summ           8%         N/A       28%         1
 Hailstorm                Conj/Ice       4%         3d5       54%         3
 Teleport Other           Tloc           4%         N/A       54%         3
 Summon Ice Beast         Ice/Summ       2%         N/A       63%         3
 Tukima's Dance           Hex            2%         N/A       63%         3
 Brom's Barrelling Bould  Conj/Erth      12%        2d4       63%         4
 Petrify                  Alch/Erth      10%        N/A       71%         4
 Iskenderun's Mystic Bla Conj/Tloc 5%             2d3        (+2d1     88%         4
 Dimensional Bullseye     Hex/Tloc       1%         N/A       94%         4
 Dispersal                Tloc           2%         N/A       100%        6
 Gell's Gavotte           Tloc           2%         2d(12-18) 100%        6
 Permafrost Eruption      Ice/Erth       5%         2x4d2     100%        6
 Sculpt Simulacrum        Ice/Alch       1%         N/A       100%        6


Dungeon Overview and Level Annotations

Branches:
Dungeon (4/15)
 Temple: D:4-7

Altars:
Sif Muna


Innate Abilities, Weirdness & Mutations

Your spellcasting is much less encumbered by armour.
You can use scrolls of enchantment on lesser artefacts.


Message History

You are covered in liquid fire!
Casting: Sandblast (safe; 4% risk of failure)
Confirm with . or Enter, or press ? or * to list all spells.
Aiming: Sandblast (safe; 4% risk of failure)
Press: ? - help, Shift-Dir - straight line, f/p - bombardier beetle
Aim: a bombardier beetle (lightly wounded, 89% to hit)
The blast of sand hits the bombardier beetle.
The bombardier beetle is lightly wounded.
The liquid fire burns you!
Casting: Sandblast (safe; 4% risk of failure)
Confirm with . or Enter, or press ? or * to list all spells.
Aiming: Sandblast (safe; 4% risk of failure)
Press: ? - help, Shift-Dir - straight line, f/p - bombardier beetle
Aim: a bombardier beetle (lightly wounded, 89% to hit)
The blast of sand hits the bombardier beetle!
The bombardier beetle is severely wounded.
The liquid fire burns you!
Casting: Sandblast (safe; 4% risk of failure)
Confirm with . or Enter, or press ? or * to list all spells.
Aiming: Sandblast (safe; 4% risk of failure)
Press: ? - help, Shift-Dir - straight line, f/p - bombardier beetle
Aim: a bombardier beetle (severely wounded, 89% to hit)
The blast of sand hits the bombardier beetle.
The bombardier beetle is almost dead.
The liquid fire burns you!
The bombardier beetle sprays incendiary fluid at you.
The burning spray hits you.
You are even more covered in liquid fire!
Casting: Sandblast (safe; 4% risk of failure)
Confirm with . or Enter, or press ? or * to list all spells.
Aiming: Sandblast (safe; 4% risk of failure)
Press: ? - help, Shift-Dir - straight line, f/p - bombardier beetle
Aim: a bombardier beetle (almost dead, 89% to hit)
The blast of sand hits the bombardier beetle!
You kill the bombardier beetle!
Sif Muna accepts your kill. The liquid fire burns you!
* * * LOW HITPOINT WARNING * * *
You have reached level 5!
You shake off some of the fire as you move.
The liquid fire burns you!
* * * LOW HITPOINT WARNING * * *
You shake off some of the fire as you move.
The liquid fire burns you!
* * * LOW HITPOINT WARNING * * *
It was a potion of berserk rage.
A red film seems to cover your vision as you go berserk!
You feel yourself moving faster!
You feel mighty! The liquid fire burns you!
You die...

## #. . ##.##
##########
..#.#..
#.........
#..#...
#.########
#...† #.#
#..##########.#
#...@........#
##############


There were no monsters in sight!

Vanquished Creatures
  A bombardier beetle (D:4)
  3 adders (D:2)
  2 ribbon worms
  2 dart slugs
  9 ball pythons
  6 endoplasms
  3 giant cockroaches
  5 goblins
  4 hobgoblins (D:3)
  4 jackals (D:1)
  8 kobolds
  3 quokkas
  5 bats
  5 frilled lizards
  5 rats
65 creatures vanquished.

Notes
Turn   | Place    | Note
-------+----------+-------------------------------------------
     0 | D:1      | SlowGraham the Mountain Dwarf Earth Elementalist began the
                  | quest for the Orb.
     0 | D:1      | Reached XP level 1. HP: 14/14 MP: 3/3
   187 | D:1      | Reached XP level 2. HP: 20/20 MP: 5/5
   584 | D:1      | Reached skill level 4 in Earth Magic
  1013 | D:1      | Reached XP level 3. HP: 26/26 MP: 6/6
  1435 | D:2      | Reached skill level 1 in Armour
  1597 | D:2      | Reached XP level 4. HP: 33/33 MP: 8/8
  1617 | D:2      | Learned a level 3 spell: Stone Arrow
  1730 | D:2      | Identified the ring "Baawah" {rF+ Will- Int+4}
  1741 | D:2      | Found a shimmering blue altar of Sif Muna.
  1748 | D:2      | Became a worshipper of Sif Muna the Loreminder
  1822 | D:2      | Reached skill level 1 in Conjurations
  2620 | D:3      | Reached * piety under Sif Muna
  2803 | D:4      | Reached XP level 5. HP: 8/38 MP: 9/9
  2804 | D:4      | HP: 1/38 [burnt (4)]
  2805 | D:4      | Incinerated by a bombardier beetle

Illustrated notes

Levels and vault maps discovered:
D:1:      dpeg_arrival_rooms_b, layout_basic, minivault_26,
          hangedman_decor_points
D:2:      layout_loops_corners, basic_altar, serial_glass, glass_columns_c,
          glass_columns_a, minmay_strange_pillars, due_unseen_surprise,
          minmay_strange_pillars
D:3:      layout_rooms, amcnicky_mini_rare_corridor_liquid,
          hangedman_decor_opposing
D:4:      layout_basic, mainiacjoe_overflow_24_doors,
          mainiacjoe_overflow_brackets, minmay_temple_entry_enclosed_plants,
          minmay_manual_mess, uniq_eustachio

Skill      XL: |  1  2  3  4 |
---------------+-------------+-----
Spellcasting   | 2 |  2.9
Earth Magic    | 4 |  4.5
Armour         | 1 |  1.7
Conjurations   | 1 |  1.2
Dodging        | |  1.3
Stealth        | |  1.4
Translocations | |  0.5
Invocations    | |  0.8

Action                     |  1- 3 |  4- 6 || total
---------------------------+-------+-------++-------
  Melee: Hand axe          |       |     1 ||     1
  Throw: Stone             |     4 |    32 ||    36
   Cast: Sandblast         |    55 |    38 ||    93
    Use: Potion            |       |     1 ||     1
 Armour: Robe              |     4 |       ||     4
         Leather armour    |     3 |       ||     3
         Chain mail        |       |     7 ||     7
         Scale mail        |       |     3 ||     3
  Dodge: Dodged            |     8 |     1 ||     9

Table legend: (Time is in decaauts)
 A = Elapsed time spent in this place.
 B = Non-inter-level travel time spent in this place.
 C = Inter-level travel time spent in this place.
 D = Time resting spent in this place.
 E = Time spent auto-exploring this place.
 F = Levels seen in this place.
 G = Mean time per level.
                   A        B        C        D        E       F      G
               +--------+--------+--------+--------+--------+-----+--------+
         Total |   2853 |   2759 |     94 |    169 |   2166 |   4 |  713.2 |
       Dungeon |   2853 |   2759 |     94 |    169 |   2166 |   4 |  713.2 |
               +--------+--------+--------+--------+--------+-----+--------+

Top non-repeatable levels by time:
     D:1: 1126 daAuts
     D:2: 1049 daAuts
     D:3: 635 daAuts
     D:4: 41 daAuts
